 Dungeon Crawl Stone Soup version 0.29.1-1-gd02db6906a (webtiles) character file.

Game seed: 14111200557085794752

27 RogueRain17 the Trooper (level 3, 40/40 HPs)
             Began as an Ogre Berserker on Sept 21, 2022.
             Was a Follower of Trog.
             Got out of the dungeon alive.
             The game lasted 00:05:34 (479 turns).

RogueRain17 the Trooper (Ogre Berserker)             Turns: 479, Time: 00:05:34

Health: 40/40      AC:  3    Str: 23    XL:     3   Next: 10%
Magic:  3/3        EV: 10    Int:  8    God:    Trog [*.....]
Gold:   56         SH:  0    Dex:  8    Spells: 2/2 levels left

rFire   . . .      SeeInvis .   a - +0 mace
rCold   . . .      Faith    .   (no shield)
rNeg    . . .      Spirit   .   b - +0 animal skin
rPois   .          Reflect  .   (helmet restricted)
rElec   .          Harm     .   (no cloak)
rCorr   .          Rampage  .   (gloves unavailable)
Will    .....                   (boots unavailable)
Stlth   +.........              (no amulet)
HPRegen 0.13/turn               (no ring)
MPRegen 0.08/turn               (no ring)

@: no status effects
A: large, unfitting armour, tough skin 1
a: Renounce Religion, Berserk


You escaped.
You worshipped Trog.
Trog was aware of your devotion.
You visited 1 branch of the dungeon, and saw 1 of its levels.

You collected 56 gold pieces.

Inventory:

Hand Weapons
 a - a +0 mace (weapon)
 d - a +0 short sword
 e - a +0 club
Missiles
 f - 9 stones (quivered)
Armour
 b - a +0 animal skin (worn)
 g - a +0 ring mail
Jewellery
 i - a ring of magical power
Scrolls
 c - a scroll of amnesia {unknown}
 j - a scroll of brand weapon {unknown}
Potions
 h - a potion of lignification {unknown}


   Skills:
 - Level 4.3 Fighting
 * Level 3.2 Maces & Flails
 + Level 3.1 Dodging


You had 2 spell levels left.
You didn't know any spells.
Your spell library was empty.

Dungeon Overview and Level Annotations

Branches:
Dungeon (1/15)

Altars:


Innate Abilities, Weirdness & Mutations

You are too large for most types of armour.
You have tough skin. (AC +1)


Message History

You closely miss the bat.
The bat is severely wounded.
The bat hits you but does no damage.
You hit the bat.
You kill the bat!
Trog accepts your kill.
An endoplasm comes into view.
Found a scroll labelled GARGHO XIMNAPU.
The endoplasm quivers.
You see here a gold piece.
You now have 56 gold pieces (gained 1).
You sock the endoplasm!
You kill the endoplasm!
Trog accepts your kill.
No target in view!
Found 4 gold pieces.
Found 12 gold pieces.
A frilled lizard comes into view.
A bat comes into view.
You hit the bat.
You kill the bat!
Trog accepts your kill.
The frilled lizard hisses angrily.
You see here a scroll labelled GARGHO XIMNAPU.
j - a scroll labelled GARGHO XIMNAPU You miss the frilled lizard.
The frilled lizard bites you but does no damage.
You barely miss the frilled lizard. The frilled lizard bites you.
The frilled lizard barely misses you.
You hit the frilled lizard.
You kill the frilled lizard!
Trog accepts your kill.
Welcome back, RogueRain17 the Ogre Berserker.
Trog says: Kill them all!
Press ? for a list of commands and other information.
Found a dagger.
HP restored.
There is a staircase leading out of the dungeon here.
Are you sure you want to leave the Dungeon?
This will make you lose the game!
You have escaped!

.# #...##....#....#
#####. #.#.# .#
#...##....#....### #.
#.#..
##..#######......# #.
#.### ............+ .
.. #.# #
##..####....#.# #. #.#
# ................
....# #
P#~#P.....P#~#P...####
# ##~##P....##~##P..#
# ~~~~~..@..~~~~~...#
# ##~##P....##~##P..#
# # #P.....P#~#P...# #
.................# #
#####..####..###.# #
##...........######
###########.......
######## #...


There were no monsters in sight!

Vanquished Creatures
  A gnoll (D:1)
  A dart slug (D:1)
  An endoplasm (D:1)
  2 hobgoblins (D:1)
  2 kobolds (D:1)
  A quokka (D:1)
  3 ball pythons (D:1)
  3 bats (D:1)
  A frilled lizard (D:1)
  3 rats (D:1)
18 creatures vanquished.

Vanquished Creatures (others)
  2 plants (D:1)
2 creatures vanquished.

Grand Total: 20 creatures vanquished

Notes
Turn   | Place    | Note
-------+----------+-------------------------------------------
     0 | D:1      | RogueRain17 the Ogre Berserker began the quest for the Orb.
     0 | D:1      | Reached XP level 1. HP: 24/24 MP: 1/1
   103 | D:1      | Reached XP level 2. HP: 30/32 MP: 2/2
   410 | D:1      | Reached XP level 3. HP: 36/40 MP: 3/3
   479 | D:$      | Got out of the dungeon alive.

Illustrated notes

Levels and vault maps discovered:
D:1:      eino_arrival_water_cross, layout_basic, minmay_tromino_v4_a

Skill      XL: |  1  2 |
---------------+-------+-----
Maces & Flails | 3 |  3.2
Dodging        | 3 |  3.1
Fighting       | |  4.3

Action                   || total
-------------------------++-------
Melee: Mace              ||    61
Armor: Animal skin       ||    32
Dodge: Dodged            ||    49
